 Dungeon Crawl Stone Soup version 0.25.1-2-g60ff931df9 (webtiles) character file.

Game seed: 5626547422330591754

424 DogServant the Grave Robber (level 6, -2/50 (51) HPs)
             Began as a Ghoul Necromancer on Nov 9, 2020.
             Slain by a rat (3 damage)
             ... in a sewer.
             The game lasted 00:08:56 (4510 turns).

DogServant the Grave Robber (Ghoul Necromancer)     Turns: 4510, Time: 00:08:56

HP:   -2/50 (51)    AC:  3    Str: 12    XL:     6   Next: 96%
MP:   0/7           EV: 12    Int: 11    God:
Gold: 177           SH:  0    Dex: 10    Spells: 3/8 levels left

rFire    . . .     SeeInvis .   d - +2 short sword (venom)
rCold    + . .     Gourm    .   (no shield)
rNeg     + + +     Faith    .   a - +1 robe
rPois    ∞         Spirit   .   (no helmet)
rElec    .         Reflect  .   (no cloak)
rCorr    .         Harm     .   (no gloves)
MR       .....                  (no boots)
Stlth    ++........             (no amulet)
HPRegen  0.00/turn              (no ring)
MPRegen  0.10/turn              (no ring)

@: rotting
A: rotting body, claws 1, carnivore, cold resistance 1, negative energy
resistance 3, inhibited regeneration, torment resistance, unbreathing
a: no special abilities


You were in a sewer.
You were not hungry.

You visited 1 branch of the dungeon, and saw 4 of its levels.
You also visited: Sewer.

You collected 177 gold pieces.

Inventory:

Hand Weapons
 d - a +2 short sword of venom (weapon)
 h - a +1 flail of protection
 i - a +3 hunting sling
Missiles
 j - 80 stones
 r - 5 poisoned darts (quivered)
Armour
 a - a +1 robe (worn)
 e - a +0 leather armour
Scrolls
 b - 4 scrolls of enchant armour
 g - a scroll of amnesia
 k - a scroll of identify
 l - 4 scrolls of teleportation
Potions
 f - a potion of resistance
 m - a potion of brilliance {unknown}
 n - 2 potions of degeneration
 o - a potion of curing {unknown}
 p - a potion of flight {unknown}
Comestibles
 c - 4 rations


   Skills:
 - Level 3.0 Fighting
 - Level 3.0 Dodging
 - Level 2.1 Stealth
 - Level 1.7 Spellcasting
 + Level 6.9 Necromancy


You had 3 spell levels left.
You knew the following spells:

 Your Spells              Type           Power        Failure   Level  Hunger
a - Pain                  Necr           ###.         1%          1    ##.....
b - Animate Skeleton      Necr           N/A          1%          1    ##.....
c - Vampiric Draining     Necr           ###.......   4%          3    ####...

Your spell library contained the following spells:

 Spells                   Type           Power        Failure   Level  Hunger
 Apportation              Tloc           #.....       30%         1    ##.....
 Corona                   Hex            #......      30%         1    ##.....
 Summon Small Mammal      Summ           #...         30%         1    ##.....
 Animate Dead             Necr           N/A          17%         4    #####..
 Agony                    Necr           ###.....     43%         5    ######.


Dungeon Overview and Level Annotations

Branches:
Dungeon (4/15)              Sewer (1/1)
 Temple: D:4-7

Altars:
Qazlal

Shops:
D:4 (

Annotations:
D:3 Robin


Innate Abilities, Weirdness & Mutations

Your body is rotting away.
You thrive on raw meat.
You are immune to poison.
You have sharp fingernails.
You are carnivorous and can eat meat at any time.
Your flesh is cold resistant. (rC+)
You are immune to negative energy. (rN+++)
You do not regenerate when monsters are visible.
You are immune to unholy pain and torment.
You can survive without breathing.


Message History

Press: ? - help, Shift-Dir - straight line, f - frilled lizard
Aim: a frilled lizard (chance to defeat MR: 87%)
The frilled lizard barely resists.
The rat barely misses you. The frilled lizard bites you.
* * * LOW HITPOINT WARNING * * *
The rat misses you.
You barely miss the frilled lizard. The rat bites you but does no damage.
The frilled lizard completely misses you.
The rat bites you but does no damage.
You miss the frilled lizard. The rat barely misses you.
The frilled lizard closely misses you. The rat closely misses you.
You barely miss the frilled lizard. The rat bites you but does no damage.
The frilled lizard bites you but does no damage.
The rat bites you but does no damage.
You hit the frilled lizard.
You kill the frilled lizard!
The rat bites you.
* * * LOW HITPOINT WARNING * * *
The rat bites you but does no damage. The rat bites you.
You die...

#≈≈≈≈≈≈≈≈≈≈≈≈≈≈≈≈≈≈≈≈≈≈≈≈≈≈≈≈
#≈≈≈≈≈≈≈≈≈≈≈≈≈≈≈.≈≈...≈≈≈≈≈≈
######≈≈≈≈≈≈≈≈≈≈≈≈≈≈......≈≈≈≈≈≈≈
..#..#≈≈≈≈≈≈≈≈.≈.≈...†......≈.≈≈.
....)#≈..≈≈..≈≈..................
#...)'...........................
.....#.........................##
..#..#.........r.....##.......###
########..###...@r.#####..##...##
#### ##...######..#####..∩ #####
#∩..## #### #####


You could see 2 rats.

Vanquished Creatures
  Edmund (D:4)
  2 iguanas (D:4)
  Natasha (thrice) (D:3)
  4 adders
  6 river rats
  A worm (D:4)
  A dart slug (D:3)
  5 leopard geckos
  7 orcs
  A ball python (Sewer)
  4 giant cockroaches
  3 hobgoblins
  2 jackals (D:2)
  13 kobolds
  A quokka (D:3)
  9 bats
  8 frilled lizards
  7 goblins
  11 rats
89 creatures vanquished.

Notes
Turn   | Place    | Note
-------+----------+-------------------------------------------
     0 | D:1      | DogServant the Ghoul Necromancer began the quest for the
                  | Orb.
     0 | D:1      | Reached XP level 1. HP: 14/14 MP: 2/2
   520 | D:1      | Reached skill level 1 in Fighting
   525 | D:1      | Reached XP level 2. HP: 15/23 MP: 0/3
   681 | D:1      | Learned a level 1 spell: Animate Skeleton
  1583 | D:2      | Reached XP level 3. HP: 27/28 MP: 4/4
  1892 | D:2      | Found a stormy altar of Qazlal.
  1892 | D:2      | Noticed a fire elemental
  1897 | D:2      | Noticed an air elemental
  1897 | D:2      | Noticed a water elemental
  1897 | D:2      | Noticed an earth elemental
  2797 | D:2      | Learned a level 3 spell: Vampiric Draining
  2948 | D:3      | Reached XP level 4. HP: 35/35 MP: 5/5
  2949 | D:3      | Noticed Natasha
  3171 | D:3      | Killed Natasha
  3235 | D:3      | Noticed Natasha
  3245 | D:3      | Killed Natasha
  3390 | D:3      | Reached XP level 5. HP: 42/42 MP: 6/6
  3463 | D:3      | Noticed Natasha
  3475 | D:3      | Killed Natasha
  3475 | D:3      | Reached skill level 5 in Necromancy
  3654 | D:3      | Noticed Robin
  3673 | D:4      | Found Luniocug's Antique Weapon Shop.
  3703 | D:4      | Noticed Edmund
  3804 | D:4      | Killed Edmund
  3804 | D:4      | Reached skill level 6 in Necromancy
  3804 | D:4      | Reached XP level 6. HP: 17/51 MP: 1/7
  3908 | D:4      | Found a glowing drain.
  3916 | Sewer    | Entered a sewer
  4506 | Sewer    | HP: 2/50 [frilled lizard (1)]
  4510 | Sewer    | Slain by a rat

Illustrated notes

Levels and vault maps discovered:
D:1:      grunt_arrival_crossed_arrows, layout_basic
D:2:      layout_basic, nicolae_qazlal_style_of_elements
D:3:      layout_rooms, uniq_natasha, uniq_robin
D:4:      layout_cave_pools, serial_shops, shop, shop, shop_coins,
          nicolae_shop_statue_plus, nicolae_shop_overgrown_old_shop,
          gup_sewer_entry_spiral, first_ration, minmay_misc_feat_diagonals,
          uniq_edmund
Sewer:    sewer_minmay_treatment

Skill      XL: |  1  2  3  4  5 |
---------------+----------------+-----
Fighting       | 1 2 3 |  3.0
Dodging        | 2 3 |  3.0
Necromancy     | 6 |  6.9
Stealth        | |  2.1
Spellcasting   | |  1.7

Action                   |  1- 3 |  4- 6 || total
-------------------------+-------+-------++-------
Melee: Short sword       |    59 |    91 ||   150
       Unarmed           |     3 |       ||     3
 Fire: Hunting sling     |     3 |    54 ||    57
Throw: Dart              |       |     6 ||     6
 Cast: Pain              |    24 |    40 ||    64
       Animate Skeleton  |     1 |       ||     1
       Vampiric Draining |       |     9 ||     9
  Use: Scroll            |       |     8 ||     8
 Stab: Sleeping          |     3 |     3 ||     6
  Eat: Chunk             |     6 |     8 ||    14
       Ration            |       |     1 ||     1
Armor: Robe              |    21 |    38 ||    59
Dodge: Dodged            |    50 |   122 ||   172
